 Dungeon Crawl Stone Soup version 0.21-a0-241-g2cbab09 (webtiles) character file.

3188 Chiseanne the Skirmisher (level 9, -1/71 HPs)
             Began as a Mummy Wanderer on Sept 3, 2017.
             Was an Initiate of Gozag.
             Slain by an anaconda (4 damage)
             ... on level 8 of the Dungeon.
             The game lasted 00:16:43 (7828 turns).

Chiseanne the Skirmisher (Mummy Wanderer)           Turns: 7828, Time: 00:16:44

Health: -1/71      AC: 18    Str: 23    XL:     9   Next: 64%
Magic:  13/13      EV: 10    Int: 11    God:    Gozag
Gold:   691        SH:  3    Dex: 15    Spells: 13/13 levels left

rFire    x . .     SeeInvis .   s - +2 flail (protect)
rCold    + . .     Gourm    .   (no shield)
rNeg     + + +     Faith    .   t - +0 scale mail (curse)
rPois    ∞         Spirit   .   u - +0 helmet
rElec    .         Reflect  +   (no cloak)
rCorr    .         Harm     .   d - +0 pair of gloves
MR       +....                  m - +0 pair of boots
Stlth    ..........             E - +3 amulet of reflection
HPRegen  0.21/turn              n - +3 ring of strength
MPRegen  0.13/turn              i - +5 ring of strength

@: protection aura, constricted
A: no food or potions, fire vulnerability, cold resistance 1, negative energy
resistance 3, torment resistance, unbreathing
a: Potion Petition, Call Merchant, Bribe Branch, Renounce Religion


You were on level 8 of the Dungeon.
You worshipped Gozag.
Gozag was pleased with you.
You were not hungry.

You visited 2 branches of the dungeon, and saw 9 of its levels.

You collected 1001 gold pieces.
You spent 210 gold pieces at shops.
You paid 100 gold pieces to Gozag.

Inventory:

Hand Weapons
 a - a +5 trident of venom
 s - a +2 flail of protection (weapon)
 w - a +0 blowgun
Missiles
 f - 139 stones (quivered)
 h - 108 bolts
 l - 56 poisoned needles
 p - a throwing net
 v - 152 arrows
 y - 77 sling bullets
 A - 9 tomahawks
 B - 2 javelins
Armour
 d - a +0 pair of gloves (worn)
 m - a +0 pair of boots (worn)
 t - a cursed +0 scale mail (worn)
 u - a +0 helmet (worn)
 x - a +0 large shield
 G - the +6 scale mail "Ogiat" {rC+ rCorr Str+2 Int+4}
   (You found it on level 8 of the Dungeon)

   It affects your strength (+2).
   It affects your intelligence (+4).
   It protects you from cold.
   It protects you from acid and corrosion.
Jewellery
 i - a +5 ring of strength (right hand)
 n - a +3 ring of strength (left hand)
 E - a +3 amulet of reflection (around neck)
Wands
 e - a wand of polymorph (1/24)
 k - a wand of digging (15/24)
 o - a wand of iceblast (12/15)
 z - a wand of flame (18/48)
 C - a wand of acid (5/15)
 F - a wand of flame (17/48)
Scrolls
 c - 2 scrolls of teleportation
 g - 4 scrolls of identify
 j - 4 scrolls of amnesia
 q - a scroll of fear
 D - a scroll of recharging
Books
 b - the Almanac of the Quahog

   Spells                             Type                      Level
   a - Flame Tongue                   Conjuration/Fire             1
   b - Inner Flame                    Hexes/Fire                   3
 r - a book of Callings

   Spells                             Type                      Level
   a - Summon Small Mammal            Summoning                    1
   b - Call Imp                       Summoning                    2
   c - Call Canine Familiar           Summoning                    3
   d - Summon Guardian Golem          Hexes/Summoning              3
   e - Summon Lightning Spire         Summoning/Air                4
   f - Summon Ice Beast               Ice/Summoning                4


   Skills:
 * Level 6.6 Fighting
 * Level 2.5(3.3) Maces & Flails
 * Level 4.1(4.6) Polearms
   Level 3.1(4.5) Staves
 - Level 1.0 Throwing
 * Level 5.6 Armour
 * Level 5.3 Dodging
 - Level 2.6 Spellcasting
   Level 1.0 Charms
   Level 1.5 Summonings
 - Level 1.0 Evocations


You had 13 spell levels left.
You didn't know any spells.

Dungeon Overview and Level Annotations

Branches:
Dungeon (8/15)             Temple (1/1) D:5
   Lair: D:8-11

Altars:
Cheibriados
Dithmenos
Fedhas
Gozag
Hepliaklqana
Okawaru
Qazlal
Ru
Sif Muna
Trog
Uskayaw
Vehumet
Xom
Yredelemnul
Zin
The Shining One

Shops:
D:7 (


Innate Abilities, Weirdness & Mutations

You do not eat or drink.
Your flesh is vulnerable to fire.
You are immune to poison.
Your flesh is cold resistant. (rC+)
You are immune to negative energy. (rN+++)
You are immune to unholy pain and torment.
You can survive without breathing.


Message History

Your +2 flail of protection hums with potential!
s - a +2 flail of protection (weapon)
The anaconda closely misses you.
* * * LOW HITPOINT WARNING * * *
The anaconda constricts you.
You hit the anaconda but do no damage.
Your weapon exudes an aura of protection.
The anaconda is lightly wounded.
The anaconda bites you but does no damage.
* * * LOW HITPOINT WARNING * * *
The anaconda constricts you.
The anaconda bites you but does no damage.
The anaconda constricts you.
You miss the anaconda.
The anaconda is lightly wounded.
The anaconda bites you but does no damage.
* * * LOW HITPOINT WARNING * * *
The anaconda constricts you. The anaconda misses you.
You die...
Your body crumbles into a pile of gold.

........### ........# .#
........ ........# #.#
....... ###########.##
...).. ##########...
...(..
.........#..###....
.........#........#
.........#...#.##.######
.....)......#..S@......#
######)#.#.....###.###.#
#........#......#
#.#......#..##..# #
#.#..#..........#.# #
#.#..#.#####.#....# #
##.#..#.##.<.....>... #
#.....#.##.##........ #
#..#.##.##.##########


You could see an anaconda.

Vanquished Creatures
  Joseph (D:7)
  A spriggan (D:8)
  A water moccasin (D:8)
  An orc warrior (D:5)
  3 ice beasts
  5 ogres
  A centaur (D:5)
  4 bullfrogs
  A wyvern zombie (D:7)
  2 scorpions
  A wyvern skeleton (D:8)
  3 killer bees (D:7)
  3 howler monkeys
  3 crimson imps
  2 jellies
  2 hounds
  A bullfrog skeleton (D:5)
  4 orc priests
  4 iguanas
  5 orc wizards
  8 worker ants
  A worker ant zombie (D:5)
  A howler monkey skeleton (D:4)
  3 adders
  A gnoll (D:2)
  A shadow imp (D:5)
  An ooze (D:2)
  3 adder skeletons
  3 worms
  5 leopard geckos
  29 orcs
  2 giant cockroaches
  5 goblins
  3 hobgoblins
  9 jackals
  3 quokkas
  2 ball pythons
  5 bats
  8 frilled lizards
  9 kobolds
  6 rats
156 creatures vanquished.

Notes
Turn   | Place    | Note
-------+----------+-------------------------------------------
     0 | D:1      | Chiseanne the Mummy Wanderer began the quest for the Orb.
     0 | D:1      | Chiseanne set off with: a book of Callings, the Almanac of the Quahog, a +0 robe, a +0 club
     0 | D:1      | Reached XP level 1. HP: 15/15 MP: 4/4
     5 | D:1      | Identified the Almanac of the Quahog
   792 | D:1      | Reached XP level 2. HP: 20/21 MP: 5/5
  1248 | D:2      | Reached skill level 1 in Dodging
  1618 | D:2      | Reached XP level 3. HP: 26/26 MP: 7/7
  2176 | D:3      | Noticed a scorpion
  2206 | D:3      | Killed a scorpion
  2206 | D:3      | Reached skill level 2 in Fighting
  2206 | D:3      | Reached skill level 1 in Staves
  2206 | D:3      | Reached XP level 4. HP: 14/33 MP: 8/8
  2728 | D:3      | Reached XP level 5. HP: 34/39 MP: 9/9
  3175 | D:4      | Found a sacrificial altar of Ru.
  3304 | D:4      | Noticed an ogre
  3749 | D:4      | Reached XP level 6. HP: 39/46 MP: 10/10
  4071 | D:4      | Reached skill level 3 in Fighting
  4297 | D:5      | Entered Level 5 of the Dungeon
  4390 | D:5      | Reached XP level 7. HP: 43/52 MP: 11/11
  4732 | D:5      | Found a staircase to the Ecumenical Temple.
  4745 | Temple   | Entered the Ecumenical Temple
  4769 | Temple   | Became a worshipper of Gozag Ym Sagoz the Greedy
  5148 | D:5      | Reached skill level 4 in Fighting
  5153 | D:5      | Reached skill level 1 in Polearms
  5372 | D:5      | Reached XP level 8. HP: 28/61 MP: 12/12
  5758 | D:6      | Found a glowing golden altar of the Shining One.
  6165 | D:6      | Noticed an air elemental
  6167 | D:6      | Found a stormy altar of Qazlal.
  6226 | D:7      | Reached skill level 5 in Fighting
  6232 | D:7      | Noticed Joseph
  6265 | D:7      | Killed Joseph
  6265 | D:7      | Reached skill level 5 in Armour
  6265 | D:7      | Reached XP level 9. HP: 39/69 MP: 13/13
  6360 | D:7      | Reached skill level 6 in Fighting
  6593 | D:7      | Reached skill level 5 in Dodging
  6830 | D:7      | Found Lymin's Antique Weapon Shop.
  6838 | D:7      | Bought an ivory whip for 210 gold pieces
  6839 | D:7      | Identified the +4 whip "Johecs" {slash, +Rage rC+ Int+3} (You bought it in a shop on level 7 of the Dungeon)
  7703 | D:8      | Identified the +6 scale mail "Ogiat" {rC+ rCorr Str+2 Int+4} (You found it on level 8 of the Dungeon)
  7814 | D:8      | Noticed a two-headed ogre
  7816 | D:8      | Noticed an anaconda
  7816 | D:8      | a two-headed ogre changed into an anaconda
  7828 | D:8      | HP: 3/71 [anaconda (3)]
  7828 | D:8      | Slain by an anaconda

Vault maps used:
D:1:      dpeg_arrival_leaves_temple_mockup, serial_forest,
          infiniplex_forest_straight_3, infiniplex_forest_lined_corner,
          infiniplex_forest_clump_double, infiniplex_forest_lined_2,
          infiniplex_forest_end_2, infiniplex_forest_clump_double,
          infiniplex_forest_lined_4_way
D:2:      minmay_door_path, first_bread
D:4:      kennysheep_mini_moat, enter_ossuary_3
D:5:      minmay_temple_entry_glass, guppyfry_early_orc_mine
D:6:      basic_altar, nicolae_qazlal_style_of_elements
D:7:      serial_shops, shop, uniq_joseph
D:8:      the_bakery
Temple:   nicolae_temple_the_god_donut

Skill      XL: |  1  2  3  4  5  6  7  8  9 |
---------------+----------------------------+-----
Dodging        | 1 2 3 4 5 |  5.3
Fighting       | 2 3 4 5 6 |  6.6
Staves         | 1 2 3 |  3.1
Armour         | 2 3 4 5 |  5.6
Polearms       | 1 3 4 |  4.1
Maces & Flails | 2 |  2.5
Throwing       | |  1.0
Spellcasting   | |  2.6
Charms         | |  1.0
Summonings     | |  1.5
Evocations     | |  1.0

Action                   |  1- 3 |  4- 6 |  7- 9 || total
-------------------------+-------+-------+-------++-------
Melee: Club              |    76 |       |       ||    76
       Quarterstaff      |    64 |   150 |    62 ||   276
       Trident           |       |       |   253 ||   253
       Flail             |       |       |     2 ||     2
Evoke: Wand              |       |     3 |    12 ||    15
  Use: Scroll            |     2 |     2 |    13 ||    17
 Stab: Sleeping          |     1 |       |       ||     1
Armor: Robe              |     7 |       |       ||     7
       Ring mail         |    24 |       |       ||    24
       Scale mail        |    19 |    59 |   134 ||   212
Dodge: Dodged            |    88 |    94 |   179 ||   361
Block: Other             |       |       |     3 ||     3

Table legend:
 A = Spawn XP
 B = Non-spawn XP
 C = Spawn XP percentage of total XP
 D = Spawn monster count
 E = Non-spawn monster count
 F = Spawn count percentage of total count
 G = Total turns spent on level
                    A         B        C        D         E        F      G
               +---------+---------+-------+---------+---------+-------+---------
         Total |     432 |    4123 |   9.5 |      24 |     132 |  15.4 |  7828
               +---------+---------+-------+---------+---------+-------+---------
           D:1 |       3 |      13 |  18.8 |       3 |      10 |  23.1 |  1142
           D:2 |       0 |      71 |   0.0 |       0 |      22 |   0.0 |   940
           D:3 |      13 |     135 |   8.8 |       1 |      15 |   6.2 |  1196
           D:4 |      60 |     304 |  16.5 |       9 |      15 |  37.5 |  1019
           D:5 |     104 |     862 |  10.8 |       6 |      28 |  17.6 |  1405
           D:6 |     129 |     271 |  32.2 |       1 |       7 |  12.5 |   449
           D:7 |       0 |    1714 |   0.0 |       0 |      22 |   0.0 |   920
           D:8 |     123 |     753 |  14.0 |       4 |      13 |  23.5 |   708
               +---------+---------+-------+---------+---------+-------+---------
